 Dungeon Crawl Stone Soup version 0.24-a0-36-gf1fd2d0 (webtiles) character file.

Game seed: 8240327306218550925

7089 Dantiko the Nimble (level 11, -9/81 HPs)
             Began as a Merfolk Ice Elementalist on Feb 2, 2019.
             Was a Believer of Sif Muna.
             Mangled by a sun demon (18 damage)
             ... summoned by an orc high priest
             ... on level 1 of the Orcish Mines.
             The game lasted 01:13:55 (11432 turns).

Dantiko the Nimble (Merfolk Ice Elementalist)      Turns: 11432, Time: 01:13:57

Health: -9/81      AC: 11    Str:  8    XL:     11   Next: 9%
Magic:  14/18      EV: 17    Int: 25    God:    Sif Muna [**....]
Gold:   699        SH: 10    Dex: 14    Spells: 8/20 levels left

rFire    . . .     SeeInvis .   a - +8 hand axe "Tebb" {drain, +Inv MR+ Int+3 Stlth-}
rCold    . . .     Gourm    .   W - +0 shield
rNeg     . . .     Faith    .   M - +0 robe
rPois    +         Spirit   .   H - +1 helmet {Int+3}
rElec    .         Reflect  .   s - +0 cloak
rCorr    .         Harm     .   E - +0 pair of gloves
MR       +....                  r - +2 pair of boots
Stlth    +.........             y - amulet of regeneration
HPRegen  0.63/turn              v - +2 ring of protection
MPRegen  0.16/turn              Q - ring of poison resistance

@: studying Bows
A: change form in water, swift swim, stealthy swim, sense surroundings 1,
subdued magic 1
a: Divine Energy, Renounce Religion, Evoke Invisibility


You were on level 1 of the Orcish Mines.
You worshipped Sif Muna.
Sif Muna was pleased with you.
You were not hungry.

You visited 3 branches of the dungeon, and saw 12 of its levels.

You collected 699 gold pieces.

Inventory:

Hand Weapons
 a - the +8 hand axe "Tebb" (weapon) {drain, +Inv MR+ Int+3 Stlth-}
   (You found it on level 6 of the Dungeon)

   A truly terrible weapon, it drains the life of those it strikes.
   It affects your intelligence (+3).
   It affects your resistance to hostile enchantments.
   It lets you turn invisible.
   It makes you less stealthy.
 K - a +0 blowgun
Missiles
 d - 53 poisoned needles
 j - 4 needles of confusion
 n - 5 needles of sleeping
 z - 4 throwing nets
 D - 147 stones (quivered)
Armour
 r - a +2 pair of boots (worn)
 s - a +0 cloak (worn)
 E - a +0 pair of gloves (worn)
 H - a +1 helmet of intelligence (worn)
 M - a +0 robe (worn)
 W - a +0 shield (worn)
Jewellery
 i - a +3 amulet of reflection
 k - an uncursed ring of resist corrosion
 v - a +2 ring of protection (left hand)
 y - an amulet of regeneration (around neck)
 Q - a ring of poison resistance (right hand)
Wands
 t - a wand of enslavement (14)
 C - a wand of flame (37)
 G - a wand of polymorph (9)
 I - a wand of iceblast (11)
Scrolls
 e - 4 scrolls of remove curse
 f - 2 scrolls of amnesia
 o - a scroll of fog
 p - a scroll of magic mapping
 A - a scroll of torment {unknown}
 F - 2 scrolls of enchant weapon
 O - 4 scrolls of teleportation
 P - a scroll of enchant armour
Potions
 g - a potion of heal wounds
 h - 2 potions of flight
 l - a potion of brilliance
 m - a potion of curing
 B - a potion of might
 L - a potion of invisibility
Books
 u - a manual of Bows
Comestibles
 c - 22 rations
 w - 6 chunks of flesh


   Skills:
 - Level 6.1 Fighting
   Level 6.3 Polearms
 - Level 10.4 Dodging
 - Level 2.1 Stealth
 * Level 7.6 Shields
 - Level 5.2 Spellcasting
 - Level 3.1 Conjurations
 - Level 2.1 Charms
 - Level 4.4 Summonings
 - Level 7.4 Ice Magic


You had 8 spell levels left.
You knew the following spells:

 Your Spells              Type           Power        Failure   Level  Hunger
a - Freeze                Ice            ####         1%          1    None
b - Ozocubu's Armour      Chrm/Ice       ###.....     7%          3    #......
c - Summon Ice Beast      Ice/Summ       ####....     16%         4    ###....
d - Throw Icicle          Conj/Ice       ####....     21%         4    ###....

Your spell library contained the following spells:

 Spells                   Type           Power        Failure   Level  Hunger
 Throw Frost              Conj/Ice       ####..       2%          2    None
 Confusing Touch          Hex            #.....       19%         1    None
 Confuse                  Hex            #.......     50%         3    #......
 Gell's Gravitas          Tloc           #.........   50%         3    #......
 Metabolic Englaciation   Hex/Ice        ###.......   73%         5    #####..
 Petrify                  Tmut/Erth      #.......     89%         4    ###....
 Yara's Violent Unravell  Hex/Tmut       #.........   99%         5    #####..


Dungeon Overview and Level Annotations

Branches:
Dungeon (10/15)            Temple (1/1) D:5            Lair (0/6) D:10
    Orc (1/2) D:10

Altars:
Cheibriados
Dithmenos
Elyvilon
Fedhas
Hepliaklqana
Kikubaaqudgha
Makhleb
Nemelex Xobeh
Okawaru
Qazlal
Ru
Sif Muna
Trog
Uskayaw
Vehumet
Xom
Yredelemnul
The Shining One

Shops:
D:10 }   Orc:1 *


Innate Abilities, Weirdness & Mutations

You revert to your normal form in water You are very nimble and swift while swimming.
You are very stealthy in the water. (Stealth+)
You passively map a small area around you.
Your spells are a little easier to cast, but a little less powerful.


Message History

You block the orc high priest's attack. The ice devil closely misses you.
You slash the orc high priest!
The orc high priest is lightly wounded.
You hit the sun demon. You closely miss the ice devil.
The orc high priest barely misses you. You block the sun demon's attack.
The ice devil hits you.
* * * LOW HITPOINT WARNING * * *
The ice devil freezes you!
* * * LOW HITPOINT WARNING * * *
The red devil misses you.
Cornered, the orc warrior turns to fight!
You block the sun demon's attack.
You feel much better.
The orc high priest hits you but does no damage.
The ice devil completely misses you.
The red devil hits you but does no damage.
The sun demon hits you!!
* * * LOW HITPOINT WARNING * * *
You are engulfed in flames!!
You die...

....#####<)....#
#.....#.#))....# ,
........).....##
#...........### ####
##..........# ##..o#
#.#......#### ##..$.#.##
* , ..........##
##.)..#..o#
#......>...###.4.3....##
,
#...........[...@o4>...#
..........#.....)..∩..##
,
..[...#...............$.
................#.......
,
.[))...........##.......
#.....##........ #......
#.....#......#... ...o..
#...........##.........o
#........#., ,


You could see an orc high priest, a sun demon, an ice devil, a red devil, 3 orc
warriors and an orc (fleeing).

Vanquished Creatures
  Erica (D:9)
  A troll (D:8)
  Prince Ribbit (D:9)
  2 hungry ghosts
  3 wargs (D:10)
  2 water moccasins
  A black bear (D:6)
  A phantom (D:6)
  4 ice beasts
  7 orc warriors
  2 sky beasts
  7 ogres
  A necrophage (D:8)
  2 centaurs (D:5)
  Blork the orc (D:4)
  A big kobold (D:7)
  6 bullfrogs
  An elf skeleton (D:8)
  A water moccasin skeleton (D:10)
  5 wights (D:8)
  4 howler monkeys
  2 quasits (D:10)
  4 crimson imps
  3 hounds
  3 bullfrog zombies
  11 orc priests
  A jelly (D:9)
  4 human zombies (D:8)
  An iron imp (D:6)
  9 orc wizards
  4 bullfrog skeletons
  A centaur skeleton (D:6)
  2 human skeletons (D:8)
  Ijyb (D:5)
  An iguana (D:4)
  4 worker ants
  An ogre skeleton (D:8)
  A hound zombie (D:6)
  A hound skeleton (D:8)
  2 mummies (D:8)
  Robin (D:4)
  8 gnolls
  7 adders
  2 shadow imps
  2 oozes (D:3)
  2 adder skeletons
  7 worms
  4 dart slugs
  3 leopard geckos
  66 orcs
  7 giant cockroaches
  12 hobgoblins
  10 jackals
  4 quokkas
  3 ball pythons
  2 bats
  7 frilled lizards
  6 goblins
  3 goblin skeletons (D:6)
  2 goblin zombies (D:6)
  4 hobgoblin zombies (D:6)
  A jackal zombie (D:8)
  11 kobolds
  A kobold zombie (D:6)
  5 rats
290 creatures vanquished.

Vanquished Creatures (collateral kills)
  An orc warrior (Orc:1)
  An orc (Orc:1)
2 creatures vanquished.

Vanquished Creatures (others)
  2 plants (D:5)
2 creatures vanquished.

Grand Total: 294 creatures vanquished

Notes
Turn   | Place    | Note
-------+----------+-------------------------------------------
     0 | D:1      | Dantiko the Merfolk Ice Elementalist began the quest for
                  | the Orb.
     0 | D:1      | Reached XP level 1. HP: 13/13 MP: 3/3
   243 | D:1      | Reached skill level 1 in Fighting
   305 | D:1      | Reached XP level 2. HP: 13/21 MP: 3/5
   690 | D:1      | Reached skill level 3 in Dodging
   711 | D:1      | Reached XP level 3. HP: 22/26 MP: 2/6
  1083 | D:2      | Learned a level 3 spell: Ozocubu's Armour
  1117 | D:2      | Reached skill level 4 in Dodging
  1240 | D:2      | Reached XP level 4. HP: 4/32 MP: 0/7
  1642 | D:2      | Reached skill level 1 in Charms
  1872 | D:2      | Found a sparkling altar of Nemelex Xobeh.
  2852 | D:3      | Reached XP level 5. HP: 6/39 MP: 0/8
  3006 | D:3      | Learned a level 4 spell: Summon Ice Beast
  3033 | D:3      | Found a burning altar of Makhleb.
  3216 | D:3      | Reached skill level 5 in Dodging
  3880 | D:4      | Noticed Blork the orc
  3901 | D:4      | Killed Blork the orc
  3901 | D:4      | Reached XP level 6. HP: 32/46 MP: 1/9
  3994 | D:4      | Found a shadowy altar of Dithmenos.
  4194 | D:4      | Found a shimmering altar of Xom.
  4243 | D:4      | Reached XP level 7. HP: 54/54 MP: 10/10
  4286 | D:4      | Noticed Robin
  4307 | D:4      | Killed Robin
  4782 | D:4      | Found a hide-covered altar of Uskayaw.
  4921 | D:5      | Entered Level 5 of the Dungeon
  5074 | D:5      | Found a staircase to the Ecumenical Temple.
  5082 | Temple   | Entered the Ecumenical Temple
  5094 | Temple   | Became a worshipper of Sif Muna the Loreminder
  5114 | D:5      | Reached skill level 1 in Polearms
  5123 | D:5      | Reached XP level 8. HP: 47/60 MP: 1/11
  5169 | D:5      | Found a blossoming altar of Fedhas.
  5211 | D:5      | Found a sacrificial altar of Ru.
  5425 | D:5      | Found a stormy altar of Qazlal.
  5508 | D:5      | Reached skill level 6 in Dodging
  5551 | D:5      | Reached skill level 5 in Ice Magic
  5552 | D:5      | Noticed Ijyb
  5575 | D:5      | Killed Ijyb
  5616 | D:6      | Found a glowing golden altar of the Shining One.
  5738 | D:6      | Reached skill level 5 in Polearms
  5822 | D:6      | Noticed a moth of wrath
  5825 | D:6      | Found a bloodstained altar of Trog.
  5885 | D:6      | Got a twisted hand axe
  5888 | D:6      | Identified the +8 hand axe "Tebb" {drain, +Inv MR+ Int+3
                  | Stlth-} (You found it on level 6 of the Dungeon)
  5967 | D:6      | Reached * piety under Sif Muna
  6018 | D:6      | Reached XP level 9. HP: 62/65 MP: 12/15
  6476 | D:6      | Reached skill level 5 in Spellcasting
  6483 | D:6      | Found a radiant altar of Vehumet.
  6928 | D:7      | Reached skill level 7 in Dodging
  7350 | D:7      | Reached skill level 8 in Dodging
  7688 | D:8      | Reached skill level 9 in Dodging
  8019 | D:8      | Reached skill level 10 in Dodging
  8114 | D:8      | Found a shimmering altar of Xom.
  8120 | D:8      | Learned a level 4 spell: Throw Icicle
  8121 | D:8      | Noticed a troll
  8140 | D:8      | Killed a troll
  8140 | D:8      | Reached ** piety under Sif Muna
  8142 | D:8      | Reached XP level 10. HP: 73/73 MP: 14/17
  8217 | D:8      | Found an ancient bone altar of Kikubaaqudgha.
  8245 | D:8      | Reached skill level 1 in Shields
  8743 | D:9      | Found a hazy altar of Hepliaklqana.
  8779 | D:9      | Noticed Erica
  8798 | D:9      | Killed Erica
  8918 | D:9      | Noticed Prince Ribbit
  8927 | D:9      | Killed Prince Ribbit
  9323 | D:9      | Reached skill level 5 in Shields
  9673 | D:10     | Entered Level 10 of the Dungeon
  9819 | D:10     | Found Amocez's Gadget Boutique.
 10172 | D:10     | Gained mutation: Your spells are a little easier to cast,
                  | but a little less powerful. [potion of mutation]
 10172 | D:10     | Gained mutation: You passively map a small area around you.
                  | [potion of mutation]
 10228 | D:10     | Found a staircase to the Lair.
 10260 | D:10     | Found a stormy altar of Qazlal.
 10346 | D:10     | Found a staircase to the Orcish Mines.
 10363 | Orc:1    | Entered Level 1 of the Orcish Mines
 10938 | Orc:1    | Reached skill level 5 in Fighting
 10938 | Orc:1    | Reached XP level 11. HP: 50/79 MP: 18/18
 11007 | Orc:1    | Noticed a cyclops
 11398 | Orc:1    | Found Xunocot's General Store.
 11419 | Orc:1    | Noticed an orc high priest
 11430 | Orc:1    | Noticed a sun demon
 11431 | Orc:1    | HP: 3/81 [ice devil[an orc high priest] (14)]
 11432 | Orc:1    | Mangled by a sun demon

Vault maps used:
D:1:      psy_arrival_basics
D:2:      nemelex_xobeh_ov_fountains_minmay
D:3:      overflow_temple_1_default, first_ration
D:4:      lemuel_doored_altar, overflow_temple_1_default,
          nicolae_overflow_hidden_temple, uniq_blork_the_orc, uniq_robin
D:5:      grunt_temple_overflow_forces_of_nature, overflow_temple_1_default,
          minmay_temple_entry_arrows, uniq_ijyb
D:6:      lemuel_round_altar, tgw_trog, nicolae_tso_besieged_by_evil
D:8:      lemuel_mausoleum_altar_kikubaaqudgha, basic_altar
D:9:      marbit_many_paths, uniq_erica, uniq_prince_ribbit1
D:10:     erik_lair_orcish_takeover, david_orc_2, basic_altar, serial_shops,
          shop_fountains, grunt_ogre_cave
Temple:   dpeg_three_leaves_temple
Orc:1:    minmay_goldmine, basic_altar, serial_shops, shop

Skill      XL: |  1  2  3  4  5  6  7  8  9 10 11 |
---------------+----------------------------------+-----
Fighting       | 1 2 4 5 6 |  6.1
Ice Magic      | 4 5 6 7 |  7.4
Dodging        | 3 4 5 6 10 | 10.4
Charms         | 2 |  2.1
Summonings     | 2 4 |  4.4
Polearms       | 4 6 |  6.3
Spellcasting   | 4 5 |  5.2
Conjurations   | 2 3 |  3.1
Shields        | 7 |  7.6
Stealth        | |  2.1

Action                   |  1- 3 |  4- 6 |  7- 9 | 10-12 || total
-------------------------+-------+-------+-------+-------++-------
Melee: Short sword       |     7 |    12 |       |       ||    19
       Falchion          |       |    62 |   169 |       ||   231
       Hand axe          |       |       |   228 |   390 ||   618
Throw: Stone             |    55 |    90 |    17 |       ||   162
 Cast: Freeze            |    44 |    85 |    75 |     4 ||   208
       Ozocubu's Armour  |       |     4 |    12 |    10 ||    26
       Summon Ice Beast  |       |       |       |     1 ||     1
  Use: Scroll            |     3 |     3 |    12 |     7 ||    25
       Potion            |       |       |       |    14 ||    14
 Stab: Sleeping          |       |     1 |     1 |       ||     2
  Eat: Chunk             |     2 |    12 |    18 |    10 ||    42
       Ration            |       |       |       |     1 ||     1
Armor: Robe              |     2 |    25 |   181 |   102 ||   310
       Skin              |       |       |     9 |       ||     9
Dodge: Dodged            |    27 |    93 |   438 |   331 ||   889
Block: Shield            |       |       |       |   155 ||   155
       Rpst.: Falchion   |       |    26 |    74 |       ||   100

Table legend:
 A = Non-vault XP
 B = Vault XP
 C = Vault XP percentage of total XP
 D = Non-vault monster count
 E = Vault monster count
 F = Vault count percentage of total count
                 A         B        C        D         E       F
            +---------+---------+-------+---------+---------+-------
      Total |    7191 |    2937 |  29.0 |     234 |      58 |  19.9
            +---------+---------+-------+---------+---------+-------
        D:1 |      36 |       0 |   0.0 |      17 |       0 |   0.0
        D:2 |      85 |       0 |   0.0 |      21 |       0 |   0.0
        D:3 |     147 |       0 |   0.0 |      18 |       0 |   0.0
        D:4 |     424 |     128 |  23.2 |      26 |       9 |  25.7
        D:5 |     711 |      36 |   4.8 |      14 |       1 |   6.7
        D:6 |     951 |      63 |   6.2 |      15 |      16 |  51.6
        D:7 |     745 |       0 |   0.0 |      17 |       0 |   0.0
        D:8 |    1542 |     565 |  26.8 |      36 |      12 |  25.0
        D:9 |     799 |    1205 |  60.1 |      32 |       3 |   8.6
       D:10 |     454 |     940 |  67.4 |       7 |      17 |  70.8
      Orc:1 |    1297 |       0 |   0.0 |      31 |       0 |   0.0
            +---------+---------+-------+---------+---------+-------
